 Dungeon Crawl Stone Soup version 0.30.0-2-g1aa4bd4387 (webtiles) character file.

Game seed: 3821018191329368503

7 Descartes the Charlatan (level 1, 0/8 HPs)
             Began as a Felid Wanderer on May 7, 2023.
             Frozen to death by an endoplasm (2 damage)
             ... on level 1 of the Dungeon.
             The game lasted 00:00:44 (177 turns).

Descartes the Charlatan (Felid Wanderer)             Turns: 177, Time: 00:00:45

Health: 0/8        AC:  1    Str:  9    XL:     1   Next: 91%
Magic:  4/4        EV: 17    Int: 15    God:
Gold:   16         SH:  0    Dex: 12    Spells: 3/4 levels left
                                        Lives:  0   Deaths: 0

rFire   . . .        (weapon unavailable)
rCold   . . .        (shield unavailable)
rNeg    . . .        (body armour unavailable)
rPois   .            (helmet unavailable)
rElec   .            (cloak unavailable)
rCorr   .            (gloves unavailable)
SInv    +            (boots unavailable)
Will    .....        (no amulet)
Stlth   +            (no ring)
HPRegen 0.21/turn    (no ring)
MPRegen 0.09/turn

%: no passive effects
@: quick
A: very small, claws 1, fangs 3, see invisible, speed 1, shaggy fur 1, stealthy
paws, no weapons or thrown items, no armour, multi-lived
a: no special abilities


You were on level 1 of the Dungeon.
You visited 1 branch of the dungeon, and saw 1 of its levels.

You collected 16 gold pieces.

Inventory:

Scrolls
 d - a scroll of fear {unknown}
Potions
 a - a potion of curing
 c - a potion of brilliance
 e - a potion of flight {unknown}
Miscellaneous
 b - a piece from Xom's chessboard (15/15)


   Skills:
 + Level 0.4 Fighting
 + Level 2.8 Dodging
 + Level 0.6 Stealth
 + Level 0.4 Unarmed Combat
 + Level 2.1 Spellcasting
 - Level 2.6 Poison Magic
 + Level 3.3 Evocations


You had 3 spell levels left.
You knew the following spells:

 Your Spells              Type           Power      Damage    Failure   Level
a - Sting                 Tmut/Pois      20%        1d4       13%         1

Your spell library contained the following spells:

 Spells                   Type           Power      Damage    Failure   Level
 Spider Form              Tmut/Pois      5%         N/A       36%         3
 Olgreb's Toxic Radiance  Pois           9%         N/A       58%         4


Dungeon Overview and Level Annotations

Branches:
Dungeon (1/15)

Altars:


Innate Abilities, Weirdness & Mutations

You have sharp claws.
You have razor-sharp teeth.
You have supernaturally acute eyesight. (SInv)
You cover ground quickly. (Speed+)
You are covered in fur. (AC +1)
Your paws help you pounce on unaware monsters.
You are incapable of wielding weapons or throwing items.
You cannot wear armour.
You gain extra lives every three experience levels.


Message History

The endoplasm misses you.
The endoplasm hits you but does no damage.
Found 7 stones.
Found a stone staircase leading down.
The giant cockroach bites you.
* * * LOW HITPOINT WARNING * * *
A rat comes into view.
The endoplasm jiggles.
Found a flail.
The rat bites you but does no damage.
You scratch the giant cockroach but do no damage.
The giant cockroach misses you.
You scratch the giant cockroach.
The giant cockroach is lightly wounded.
The giant cockroach closely misses you.
You scratch the giant cockroach.
The giant cockroach is almost dead.
The giant cockroach closely misses you. x2
You scratch the giant cockroach.
You kill the giant cockroach!
You scratch the rat.
You kill the rat!
You scratch the rat.
You kill the rat!
The endoplasm closely misses you.
Things that are here:
a rat corpse; a giant cockroach corpse You scratch the endoplasm.
The endoplasm is severely wounded.
The endoplasm freezes you.
You are frozen.
Ouch! That really hurt!
* * * LOW HITPOINT WARNING * * *
You scratch the endoplasm but do no damage.
The endoplasm is severely wounded.
The endoplasm completely misses you.
You scratch the endoplasm but do no damage.
The endoplasm is severely wounded.
The endoplasm freezes you.
You are frozen.
You die...

.#..............######..
#.##...........# # ..
#...........#
##########.#.....J.#
≈≈≈≈≈≈≈≈≈#.#.......######
≈≈~≈≈≈≈≈≈#.##.####r.....#
~~≈~~≈≈≈≈#....# #......#
~~~~~≈~≈≈#.#######......#
~...~~~≈≈#......@J......#
..<..~~~≈#.#######......#
~...~~≈~≈#.# #....).#
~~~~~≈≈≈≈#.#######........
~~~~≈≈≈≈≈#......#########.
~~~~~≈≈≈≈#......#
~~~~~≈≈≈≈#......#
~≈~~~≈≈≈≈#......####
~≈~~~~~≈≈#.........####


You could see an endoplasm.

Vanquished Creatures
  An endoplasm (D:1)
  A giant cockroach (D:1)
  2 bats (D:1)
  2 frilled lizards (D:1)
  2 rats (D:1)
8 creatures vanquished.

Notes
Turn   | Place    | Note
-------+----------+-------------------------------------------
     0 | D:1      | Descartes the Felid Wanderer began the quest for the Orb.
     0 | D:1      | Descartes set off with the following items: a potion of
                  | curing, a piece from Xom's chessboard (15/15), a potion of
                  | brilliance; and the following spell memorised: Sting; and
                  | the following spells available to memorise: Spider Form,
                  | Olgreb's Toxic Radiance.
     0 | D:1      | Reached XP level 1. HP: 7/7 MP: 4/4
   177 | D:1      | Frozen to death by an endoplasm

Illustrated notes

Levels and vault maps discovered:
D:1:      zaba_arrival_water, layout_basic, serial_rivers,
          chequers_serial_rivers_room_b, chequers_serial_rivers_small_b,
          chequers_serial_rivers_micro_e, chequers_serial_rivers_marsh,
          chequers_serial_rivers_micro_b, minmay_tromino_i4

Action                     || total
---------------------------++-------
  Melee: Unarmed           ||    48
         Bite              ||     1
 Armour: Skin              ||    10
  Dodge: Dodged            ||    62
